 Dungeon Crawl Stone Soup version 0.28-a0-863-g8cecda6153 (webtiles) character file.

Game seed: 2553911723048727168

16 SirFunk the Stinger (level 2, -4/13 HPs)
             Began as a Spriggan Venom Mage on Nov 19, 2021.
             Was a Follower of Cheibriados.
             Slain by an adder (5 damage)
             ... on level 2 of the Dungeon.
             The game lasted 00:07:31 (1679 turns).

SirFunk the Stinger (Spriggan Venom Mage)           Turns: 1679, Time: 00:07:32

Health: -4/13      AC:  2    Str:  6    XL:     2   Next: 41%
Magic:  7/7        EV: 18    Int: 18    God:    Cheibriados [*.....]
Gold:   16         SH:  0    Dex: 23    Spells: 6/7 levels left

rFire   . . .      SeeInvis +   a - +0 spear
rCold   . . .      Faith    .   (shield restricted)
rNeg    . . .      Spirit   .   e - +0 robe
rPois   .          Reflect  .   (helmet restricted)
rElec   .          Harm     .   (no cloak)
rCorr   .          Rampage  .   (gloves unavailable)
Will    .....                   (boots unavailable)
Stlth   +++.......              (no amulet)
HPRegen 0.04/turn               d - +6 ring of dexterity
MPRegen 0.10/turn               (no ring)

@: lethally poisoned (-4 -> -7)
A: very small, no large weapons, unfitting armour, see invisible, speed 3
a: Renounce Religion, Bend Time


You were on level 2 of the Dungeon.
You worshipped Cheibriados.
Cheibriados was aware of your devotion.
You visited 1 branch of the dungeon, and saw 2 of its levels.

You collected 16 gold pieces.

Inventory:

Hand Weapons
 a - a +0 spear (weapon)
 b - a +0 hunting sling
Armour
 e - a +0 robe (worn)
Jewellery
 c - a ring of ice
 d - a +6 ring of dexterity (left hand)
Scrolls
 f - a scroll of teleportation {unknown}
 h - a scroll of identify {unknown}


   Skills:
 + Level 0.1 Polearms
 - Level 2.6 Dodging
 + Level 3.2 Stealth
 + Level 3.1 Spellcasting
 + Level 1.5 Transmutations
 + Level 3.4 Poison Magic


You had 6 spell levels left.
You knew the following spells:

 Your Spells              Type           Power      Damage    Failure   Level
a - Sting                 Tmut/Pois      44%        1d5       6%          1

Your spell library contained the following spells:

 Spells                   Type           Power      Damage    Failure   Level
 Poisonous Vapours        Pois/Air       18%        N/A       12%         2
 Mephitic Cloud           Conj/Pois/Air  6%         N/A       30%         3
 Olgreb's Toxic Radiance  Pois           15%        N/A       36%         4


Dungeon Overview and Level Annotations

Branches:
Dungeon (2/15)

Altars:
Cheibriados


Innate Abilities, Weirdness & Mutations

You are very small and have problems with some larger weapons.
You are too small for most types of armour.
You have supernaturally acute eyesight. (SInv)
You cover ground extremely quickly. (Speed+++)


Message History

You kill the bat!
Cheibriados thoroughly appreciates the change of pace.
Found a stone staircase leading down.
An adder comes into view.
Found 14 arrows.
You shoot a sling bullet.
The sling bullet hits the adder but does no damage.
The adder hisses angrily.
An adder comes into view.
You shoot a sling bullet.
The sling bullet closely misses the adder.
The adder hisses angrily.
You hear an angry hiss.
You shoot a sling bullet.
The sling bullet closely misses the adder.
A ball python comes into view.
You do not have any ammo quivered for your +0 hunting sling.
a - a +0 spear (weapon)
You completely miss the adder. You hit the adder.
The adder is heavily wounded.
The adder closely misses you. The adder misses you.
The adder barely misses you. The adder bites you but does no damage.
The adder bites you.
You are poisoned.
The adder poisons you!
You hit the adder.
The adder is moderately wounded.
You feel sick. The adder bites you but does no damage.
The adder closely misses you. x2
You closely miss the adder.
The adder is moderately wounded.
You feel sick. The adder bites you. The adder barely misses you.
You hit the adder.
The adder is moderately wounded.
You feel sick. The adder bites you.
* * * LOW HITPOINT WARNING * * *
The adder misses you. The adder closely misses you.
* * * LOW HITPOINT WARNING * * *
You feel sick. The adder bites you.
You die...

##. =(#... #...#....
... .....(#(# .....
#..# ## .....# ##.##
... ...... #S(###.(##
.....########S((.....
#)..........S.......
#....#....@....###.
#..#.......#......#
.......<..........#
##.(.†......#..##..#
#.........<#........
#..........##.#(..#..
..##.####.##...###....
..... #..#.### #
....## ##...#


You could see 2 adders.

Vanquished Creatures
  An endoplasm (D:2)
  A giant cockroach (D:1)
  A goblin (D:1)
  2 kobolds (D:1)
  2 ball pythons
  5 bats
  5 rats (D:1)
17 creatures vanquished.

Vanquished Creatures (others)
  2 plants (D:1)
2 creatures vanquished.

Grand Total: 19 creatures vanquished

Notes
Turn   | Place    | Note
-------+----------+-------------------------------------------
     0 | D:1      | SirFunk the Spriggan Venom Mage began the quest for the
                  | Orb.
     0 | D:1      | Reached XP level 1. HP: 9/9 MP: 5/5
   751 | D:1      | Found a faded altar of an unknown god.
   784 | D:1      | Reached XP level 2. HP: 11/13 MP: 5/7
  1624 | D:1      | Prayed at the altar of an unknown god.
  1624 | D:1      | Became a worshipper of Cheibriados the Contemplative
  1624 | D:1      | Reached * piety under Cheibriados
  1679 | D:2      | Slain by an adder

Illustrated notes

Levels and vault maps discovered:
D:1:      nagdon_arrival_double_spiral, layout_basic, serial_forest,
          infiniplex_forest_clump_small, infiniplex_forest_straight_3,
          infiniplex_forest_lined_3_way, infiniplex_forest_lined_2,
          infiniplex_forest_clump_large, infiniplex_forest_side_room,
          infiniplex_forest_clump_double, infiniplex_forest_lined_3_way,
          infiniplex_forest_clump_C, infiniplex_forest_lined_corner,
          shapermc_ecumenical_altar_starsandcircs,
          hangedman_abyss_or_decor_stabs, roderic_lattice_a
D:2:      layout_rooms, st_stairs_4, serial_bayou_pond_b, minmay_goblin_outpost

Skill      XL: |  1 |
---------------+----+-----
Spellcasting   | 3 |  3.1
Polearms       | |  0.1
Dodging        | |  2.6
Stealth        | |  3.2
Transmutations | |  1.5
Poison Magic   | |  3.4

Action                   || total
-------------------------++-------
Melee: Spear             ||    34
       Unarmed           ||    21
 Fire: Hunting sling     ||    16
 Cast: Sting             ||     6
 Stab: Sleeping          ||     3
Armor: Robe              ||    12
Dodge: Dodged            ||    44

Table legend: (Time is in decaauts)
 A = Elapsed time spent in this place.
 B = Non-inter-level travel time spent in this place.
 C = Inter-level travel time spent in this place.
 D = Time resting spent in this place.
 E = Time spent auto-exploring this place.
 F = Levels seen in this place.
 G = Mean time per level.
                   A        B        C        D        E       F      G
               +--------+--------+--------+--------+--------+-----+--------+
         Total |   1207 |   1048 |    159 |    331 |    446 |   2 |  603.5 |
       Dungeon |   1207 |   1048 |    159 |    331 |    446 |   2 |  603.5 |
               +--------+--------+--------+--------+--------+-----+--------+

Top non-repeatable levels by time:
     D:1: 1157 daAuts
     D:2: 50 daAuts
